 Dungeon Crawl Stone Soup version 0.31-a0-521-gc7390f8997 (webtiles) character file.

Game seed: 10364553505612646244

9506 zenocrate the Mimic (level 11, -3/67 HPs)
             Began as an Octopode Shapeshifter on Aug 10, 2023.
             Was an Initiate of Gozag.
             Slain by a killer bee (5 damage)
             ... on level 10 of the Dungeon.
             The game lasted 00:19:58 (10197 turns).

zenocrate the Mimic (Octopode Shapeshifter)        Turns: 10197, Time: 00:19:59

Health: -3/67      AC:  5    Str: 15    XL:     11   Next: 47%
Magic:  5/5        EV: 14    Int: 17    God:    Gozag
Gold:   1159       SH:  0    Dex: 16    Spells: 12/15 levels left

rFire   + .          .
                       - Unarmed
rCold   + . .        (shield currently unavailable)
rNeg    + . .        (helmet restricted)
rPois   .            B - amulet of regeneration
rElec   .            l - +4 ring of protection
rCorr   .            d - ring of flight
SInv    .            r - +6 ring of intelligence
Will    +....        s - ring of protection from cold
Stlth   +            C - ring "Vugra" {rF+ rN+ Will+ MP-9}
HPRegen 1.11/turn    (no ring)
MPRegen 0.09/turn    (no ring)
                     (no ring)

%: no passive effects
@: lethally poisoned (-3 -> -17), flux-form, gold aura, flying, glowing,
studying Staves
A: glow, contaminating, almost no armour, amphibious, 8 rings, camouflage 1,
gelatinous body 1, (nimble swimmer 1), tentacles
a: Begin Untransformation, Renounce Religion, Potion Petition, Call Merchant,
Bribe Branch


You were on level 10 of the Dungeon.
You worshipped Gozag.
Gozag was most pleased with you.
You were something dangerously unstable.
You visited 2 branches of the dungeon, and saw 11 of its levels.
You also visited: Bailey.

You collected 1550 gold pieces.
You paid 391 gold pieces to Gozag.

Inventory:

Missiles
 g - a curare-tipped dart
 i - 21 poisoned darts (quivered)
 y - 4 atropa-tipped darts
 I - 2 throwing nets
Jewellery
 d - a ring of flight (right tentacle)
 l - a +4 ring of protection (left tentacle)
 r - a +6 ring of intelligence (on tentacle)
 s - a ring of protection from cold (on tentacle)
 u - an amulet of the acrobat
 B - an amulet of regeneration (around mantle)
 C - the ring "Vugra" (on tentacle) {rF+ rN+ Will+ MP-9}
   (You acquired it in a bailey)

   [ring of protection from fire]

   rF+:       It protects you from fire.
   rN+:       It protects you from negative energy.
   Will+:     It increases your willpower.
   MP-9:      It affects your magic capacity (-9).
Talismans
 c - a flux talisman (active)
 m - a beast talisman
 t - a maw talisman
Wands
 b - a wand of mindburst (2)
 F - a wand of flame (18)
 G - a wand of paralysis (6)
Scrolls
 j - a scroll of amnesia
 k - 2 scrolls of vulnerability {unknown}
 n - 2 scrolls of immolation
 o - a scroll of revelation
 v - 3 scrolls of fog
 D - a scroll of poison {unknown}
 E - 2 scrolls of noise {unknown}
 H - a scroll of enchant weapon {unknown}
 J - a scroll of teleportation
 K - a scroll of silence {unknown}
Potions
 a - 2 potions of resistance {unknown}
 e - a potion of heal wounds
 f - 2 potions of mutation
 h - 2 potions of ambrosia
 p - 3 potions of haste
 q - 5 potions of invisibility
 w - 2 potions of might
 x - 2 potions of enlightenment
 z - 2 potions of magic
 A - a potion of cancellation {unknown}


   Skills:
 - Level 3.6 Fighting
 - Level 1.0 Throwing
 - Level 3.0 Dodging
 + Level 10.4 Unarmed Combat
 - Level 2.6 Spellcasting
 - Level 0.9 Air Magic
 + Level 6.7 Evocations
 + Level 10.6 Shapeshifting


You had 12 spell levels left.
You knew the following spells:

 Your Spells              Type           Power      Damage    Failure   Level
y - Swiftness             Air            5%         N/A       36%         3

Your spell library contained the following spells:

 Spells                   Type           Power      Damage    Failure   Level
 Shock                    Conj/Air       12%        1d3       16%         1
 Foxfire                  Conj/Fire      8%         2x1d4     19%         1
 Freeze                   Ice            8%         1d3       19%         1
 Kiss of Death            Conj/Necr      8%         2d6       19%         1
 Sandblast                Erth           4%         2d4       19%         1
 Summon Small Mammal      Summ           8%         N/A       19%         1
 Cigotuvi's Dreadful Rot  Necr/Pois/Air  6%         N/A       24%         2
 Ensorcelled Hibernation  Hex/Ice        4%         N/A       28%         2
 Passwall                 Tmut/Erth      1%         N/A       28%         2
 Call Canine Familiar     Summ           2%         N/A       50%         3
 Confusing Touch          Hex            2%         N/A       50%         3
 Frozen Ramparts          Ice            4%         1d1       50%         3
 Hailstorm                Conj/Ice       2%         3d3       50%         3
 Ignite Poison            Fire/Tmut/Pois 2%         N/A       50%         3
 Inner Flame              Hex/Fire       2%         N/A       50%         3
 Stone Arrow              Conj/Erth      4%         3d7       50%         3
 Summon Guardian Golem    Hex/Summ       2%         N/A       50%         3
 Airstrike                Air            2%         2d(1-17)  77%         4
 Anguish                  Hex/Necr       1%         N/A       88%         4
 Dispel Undead            Necr           2%         3d7       88%         4
 Flame Wave               Conj/Fire      2%         2d4       88%         4
 Olgreb's Toxic Radiance  Pois           2%         N/A       88%         4
 Sticky Flame             Conj/Fire      2%         2d3       88%         4
 Freezing Cloud           Conj/Ice/Air   1%         6-21      99%         5
 Plasma Beam              Fire/Air       1%         2x1d11    100%        6
 Starburst                Conj/Fire      1%         6d3       100%        6
 Discord                  Hex            1%         N/A       100%        8
 Ignition                 Fire           1%         3d3       100%        8


Dungeon Overview and Level Annotations

Branches:
Dungeon (10/15)            Temple (1/1) D:5          Bailey (visited)
   Lair: D:8-11         Orc: D:9-12

Altars:
Ashenzari
Cheibriados
Dithmenos
Elyvilon
Fedhas
Gozag
Hepliaklqana
Kikubaaqudgha
Makhleb
Nemelex Xobeh
Okawaru
Qazlal
Ru
Sif Muna
Trog
Uskayaw
Vehumet
Wu Jian
Xom
Yredelemnul
Zin
The Shining One

Annotations:
D:9 3 runed translucent doors, Xavori's ghost, novice VSCK


Innate Abilities, Weirdness & Mutations

You are something dangerously unstable.
You glow with magical radiation, making you easy to see and hit.
Foes you strike become dangerously contaminated with magical radiation.
You are incapable of wielding weapons or throwing items.
You cannot wear most types of armour.
You are amphibious.
You can wear up to eight rings at the same time.
Your skin changes colour to match your surroundings (Stealth+).
Your rubbery body absorbs attacks. (AC +1, EV +1)
((You are camouflaged when in or above water. (Stealth+)))
You have tentacles for arms and can constrict up to eight enemies at once.


Message History

You tentacle-slap the killer bee.
The killer bee shudders as magic cascades through it!!
You kill the killer bee!
You feel sick. The killer bee stings you.
Unknown command.
You barely miss the killer bee. Your grab misses the killer bee.
You feel sick. The killer bee stings you.
You are more poisoned.
The killer bee poisons you!
The killer bee stings you but does no damage.
You miss the killer bee. You grab the killer bee. You constrict the killer bee.
You feel very sick. The killer bee closely misses you.
The killer bee misses you.
You tentacle-slap the killer bee.
The killer bee begins to glow.
The killer bee is moderately wounded.
You constrict the killer bee.
You feel sick. The killer bee stings you!
* * * LOW HITPOINT WARNING * * *
You are more poisoned.
The killer bee poisons you!
You completely miss the killer bee.
You squeeze the killer bee, but do no damage.
The killer bee is moderately wounded.
You constrict the killer bee.
You feel very sick. The killer bee stings you!
* * * LOW HITPOINT WARNING * * *
You are lethally poisoned!
The killer bee poisons you! The killer bee stings you.
* * * LOW HITPOINT WARNING * * *
You are more poisoned.
The killer bee poisons you!
You tentacle-slap the killer bee but do no damage.
The killer bee glows dangerously bright.
The killer bee is heavily wounded.
You constrict the killer bee.
* * * LOW HITPOINT WARNING * * *
You feel very sick. The killer bee closely misses you.
The killer bee stings you.
You die...
Your body crumbles into a pile of gold.

####### ### #.....######
#.# #..........#
####.###
#..........###......#
####...................#
......$B...............#
......$y...............#
.......................#
.........######.#####..#
.........# #.# #..#
.........# #.# #..#
#######..# #.# #..# #..#
#.# #..# #.#####.<#


You could see a killer bee (heavy contam).

Vanquished Creatures
  Harold (D:9)
  Erica (D:8)
  A dancing weapon (D:6)
  A two-headed ogre (D:9)
  An orc knight (Bailey)
  Maurice (D:9)
  Prince Ribbit (D:5)
  Sigmund (D:3)
  13 yaks
  A vampire (D:9)
  Eustachio (D:6)
  Menkaure (D:7)
  A water moccasin (D:6)
  Duvessa (D:6)
  The ghost of IYTBazzie the Sneak, an amateur VSEn (D:6)
  A sky beast (D:7)
  4 ice beasts
  An orc warrior (D:6)
  2 black bears
  2 centaurs (D:8)
  An ogre (D:4)
  3 phantoms
  3 kobold brigands
  Blork the orc (D:4)
  3 bullfrogs
  3 scorpions
  5 wights
  Dowan (D:6)
  10 killer bees
  A howler monkey (D:9)
  A jelly (D:8)
  5 hounds
  4 orc priests
  3 iguanas
  A sleepcap (D:5)
  Natasha (twice) (D:2)
  An orc wizard (D:4)
  Robin (D:2)
  8 gnolls (Bailey)
  6 adders
  4 shadow imps
  2 white imps
  2 ufetubi
  A worm (D:4)
  A dart slug (D:1)
  30 orcs
  3 bats
  4 endoplasms
  2 giant cockroaches
  7 hobgoblins
  2 jackals (D:1)
  22 kobolds
  3 quokkas
  5 ball pythons
  6 frilled lizards
  16 goblins
  6 rats
216 creatures vanquished.

Notes
Turn   | Place    | Note
-------+----------+-------------------------------------------
     0 | D:1      | zenocrate the Octopode Shapeshifter began the quest for the
                  | Orb.
     0 | D:1      | Reached XP level 1. HP: 13/13 MP: 1/1
   149 | D:1      | Reached XP level 2. HP: 14/18 MP: 2/2
   453 | D:1      | Reached XP level 3. HP: 23/23 MP: 3/3
   665 | D:2      | Reached skill level 1 in Spellcasting
   673 | D:2      | Noticed Natasha
   678 | D:2      | Killed Natasha
   679 | D:2      | Reached XP level 4. HP: 24/28 MP: 4/6
   962 | D:2      | Noticed Natasha
   980 | D:2      | Killed Natasha
  1061 | D:2      | Noticed Robin
  1084 | D:2      | Reached XP level 5. HP: 21/33 MP: 7/7
  1087 | D:2      | Killed Robin
  1387 | D:3      | Noticed Sigmund
  1522 | D:3      | Killed Sigmund
  1523 | D:3      | Reached skill level 5 in Shapeshifting
  1523 | D:3      | Reached XP level 6. HP: 29/38 MP: 8/8
  2298 | D:4      | Noticed Blork the orc
  2304 | D:4      | Killed Blork the orc
  2305 | D:4      | Reached skill level 5 in Unarmed Combat
  2424 | D:4      | Reached XP level 7. HP: 18/45 MP: 9/9
  3088 | D:5      | Entered Level 5 of the Dungeon
  3097 | D:5      | Found a staircase to the Ecumenical Temple.
  3134 | Temple   | Entered the Ecumenical Temple
  3153 | Temple   | Became a worshipper of Gozag Ym Sagoz the Greedy
  3429 | D:5      | Noticed Prince Ribbit
  3444 | D:5      | Killed Prince Ribbit
  3445 | D:5      | Reached XP level 8. HP: 29/52 MP: 10/10
  3801 | D:5      | Found a shimmering blue altar of Sif Muna.
  4293 | D:6      | Noticed Eustachio
  4300 | D:6      | Killed Eustachio
  4520 | D:6      | Found a runed translucent door.
  4521 | D:6      | Found a shimmering altar of Xom.
  4521 | D:6      | Noticed IYTBazzie's ghost (amateur VSEn)
  4521 | D:6      | Noticed a +2 dagger of chaos
  4630 | D:6      | Reached XP level 9. HP: 56/56 MP: 11/11
  4830 | D:6      | Noticed Duvessa
  4830 | D:6      | Noticed Dowan
  4844 | D:6      | Killed Duvessa
  4851 | D:6      | Killed Dowan
  5823 | D:6      | Killed a +2 dagger of chaos
  5829 | D:6      | Killed IYTBazzie's ghost
  6028 | D:7      | Noticed Menkaure
  6035 | D:7      | Killed Menkaure
  6083 | D:7      | Learned a level 3 spell: Swiftness
  7278 | D:8      | Identified the +0 robe of Compression {rF- rN+ Slay+4 SInv}
  7287 | D:8      | Reached XP level 10. HP: 59/63 MP: 12/12
  7289 | D:8      | Noticed Erica
  7306 | D:8      | Killed Erica
  7359 | D:8      | Found a flagged portal.
  7380 | Bailey   | Entered a bailey
  7601 | Bailey   | Noticed an orc knight
  7621 | Bailey   | Killed an orc knight
  7710 | Bailey   | Acquired the ring "Vugra" {rF+ rN+ Will+ MP-9}
  8322 | D:8      | Reached skill level 10 in Shapeshifting
  8475 | D:8      | Found an iron altar of Okawaru.
  8720 | D:8      | Reached skill level 1 in Throwing
  9018 | D:9      | Noticed a two-headed ogre
  9052 | D:9      | Killed a two-headed ogre
  9053 | D:9      | Reached XP level 11. HP: 67/67 MP: 5/14
  9249 | D:9      | Reached skill level 5 in Evocations
  9307 | D:9      | Reached skill level 10 in Unarmed Combat
  9403 | D:9      | Noticed Maurice
  9425 | D:9      | Killed Maurice
  9459 | D:9      | Found a runed translucent gate.
  9492 | D:9      | Found a runed translucent gate.
  9492 | D:9      | Found a runed translucent gate.
  9493 | D:9      | Noticed a ten-headed hydra
  9494 | D:9      | Noticed a ten-headed hydra
  9494 | D:9      | Noticed Xavori's ghost (novice VSCK)
  9523 | D:9      | Noticed Harold
  9541 | D:9      | Killed Harold
 10147 | D:10     | Entered Level 10 of the Dungeon
 10197 | D:10     | HP: 2/67 [poisoned by a killer bee]
 10197 | D:10     | Slain by a killer bee

Illustrated notes

Levels and vault maps discovered:
D:1:      dpeg_arrival_pits, layout_rooms, serial_bayou_pond_a, chequers_avenue
D:2:      layout_loops_cross, uniq_natasha, uniq_robin
D:3:      layout_basic, uniq_sigmund
D:4:      layout_loops_ring, uniq_blork_the_orc
D:5:      layout_basic, lemuel_tele_altar, minmay_temple_entry_large_hall,
          kennysheep_cross_bottleneck, chequers_mini_garden, uniq_prince_ribbit1
D:6:      layout_basic, ebering_ghost_xom, serial_glass, glass_columns_a,
          glass_columns_c, uniq_eustachio, uniq_duvessa
D:7:      layout_layer_cave, uniq_menkaure
D:8:      layout_gridville, mainiacjoe_overflow_six_doors_small, enter_bailey_4,
          minmay_manual_mess, uniq_erica
D:9:      layout_irregular_city, gammafunk_ghost_hydra_chop,
          minmay_misc_feat_diagonals, corexii_corridor_pit, uniq_harold,
          uniq_maurice
D:10:     layout_irregular_city, lair_entry_dummy, uniq_joseph, uniq_snorg,
          uniq_sonja
Temple:   nicolae_temple_slightly_damp_pantheon

Skill      XL: |  1  2  3  4  5  6  7  8  9 10 11 |
---------------+----------------------------------+-----
Spellcasting   | 1 2 |  2.6
Unarmed Combat | 4 5 6 7 8 9 10 | 10.4
Shapeshifting  | 4 5 7 9 10 | 10.6
Fighting       | 2 3 |  3.6
Dodging        | 3 |  3.0
Evocations     | 4 6 |  6.7
Throwing       | 1 |  1.0
Air Magic      | |  0.9

Action                     |  1- 3 |  4- 6 |  7- 9 | 10-12 || total
---------------------------+-------+-------+-------+-------++-------
  Melee: Unarmed           |    48 |    87 |   181 |   308 ||   624
         Constrict         |     9 |    24 |    29 |    68 ||   130
         Tentacles         |    10 |    11 |    38 |    96 ||   155
         Punch             |       |     2 |     5 |     1 ||     8
  Throw: Dart              |       |       |     1 |       ||     1
 Invoke: Potion Petition   |       |       |       |     1 ||     1
  Evoke: Wand              |       |       |       |     3 ||     3
    Use: Scroll            |       |     3 |    13 |     4 ||    20
         Potion            |       |     1 |     3 |    12 ||    16
   Stab: Sleeping          |     1 |     5 |     4 |     2 ||    12
         Distracted        |       |       |     1 |     1 ||     2
         Paralysed         |       |       |       |    10 ||    10
 Armour: Skin              |     4 |    26 |    30 |    37 ||    97
  Dodge: Dodged            |    24 |    57 |    89 |   201 ||   371
   Form: Flux              |       |       |     1 |       ||     1

Table legend: (Time is in decaauts)
 A = Elapsed time spent in this place.
 B = Non-inter-level travel time spent in this place.
 C = Inter-level travel time spent in this place.
 D = Time resting spent in this place.
 E = Time spent auto-exploring this place.
 F = Levels seen in this place.
 G = Mean time per level.
                   A        B        C        D        E       F      G
               +--------+--------+--------+--------+--------+-----+--------+
         Total |  10073 |   9777 |    296 |    990 |   7251 |  12 |  839.4 |
       Dungeon |   9599 |   9339 |    260 |    978 |   6952 |  10 |  959.9 |
        Temple |     38 |      2 |     36 |      0 |      0 |   1 |   38.0 |
        Bailey |    435 |    435 |      0 |     12 |    299 |   1 |  435.0 |
               +--------+--------+--------+--------+--------+-----+--------+

Top non-repeatable levels by time:
     D:6: 1931 daAuts
     D:7: 1390 daAuts
     D:9: 1168 daAuts
     D:4: 1167 daAuts
     D:8: 1151 daAuts
     D:5: 835 daAuts
     D:2: 711 daAuts
     D:3: 637 daAuts
     D:1: 556 daAuts
  Bailey: 435 daAuts
    D:10: 47 daAuts
  Temple: 38 daAuts
